 Dungeon Crawl Stone Soup version 0.22-a0-419-g492bfec (webtiles) character file.

18 dududu the Shield-Bearer (level 2, 29/29 HPs)
             Began as a Troll Fighter on May 15, 2018.
             Was a Follower of Yredelemnul.
             Got out of the dungeon alive.
             The game lasted 00:02:18 (1139 turns).

dududu the Shield-Bearer (Troll Fighter)            Turns: 1139, Time: 00:02:18

Health: 29/29      AC:  5    Str: 23    XL:     2   Next: 51%
Magic:  1/1        EV:  8    Int:  4    God:    Yredelemnul [*.....]
Gold:   80         SH:  8    Dex:  9    Spells: 1/1 levels left

rFire    . . .     SeeInvis .     - Unarmed
rCold    . . .     Gourm    +   b - +0 shield
rNeg     . . .     Faith    .   a - +0 robe
rPois    .         Spirit   .   (helmet restricted)
rElec    .         Reflect  .   (no cloak)
rCorr    +         Harm     .   (gloves unavailable)
MR       .....                  (boots unavailable)
Stlth    +.........             (no amulet)
HPRegen  0.49/turn              k - ring of resist corrosion
MPRegen  0.07/turn              (no ring)

@: no status effects
A: large, unfitting armour, claws 3, fast metabolism 3, gourmand, regeneration
1, shaggy fur 1, tough skin 2
a: Animate Remains, Renounce Religion


You escaped.
You worshipped Yredelemnul.
Yredelemnul was aware of your devotion.
You were not hungry.

You visited 1 branch of the dungeon, and saw 2 of its levels.

You collected 80 gold pieces.

Inventory:

Missiles
 l - 2 poisoned tomahawks (quivered)
 m - 13 stones
 o - 7 javelins of returning
Armour
 a - a +0 robe (worn)
 b - a +0 shield (worn)
Jewellery
 k - a ring of resist corrosion (left claw)
Scrolls
 f - a scroll of fog {unknown}
 g - a scroll of teleportation {unknown}
 h - a scroll of blinking {unknown}
 i - a scroll of enchant weapon {unknown}
 j - 2 scrolls of remove curse {unknown}
Potions
 c - a potion of might
 e - a potion of degeneration {unknown}
Comestibles
 d - 3 rations


   Skills:
 + Level 2.6 Fighting
 - Level 2.4 Dodging
 + Level 2.6 Shields
 * Level 2.6 Unarmed Combat


You had one spell level left.
You didn't know any spells.
Your spell library was empty.

Dungeon Overview and Level Annotations

Branches:
Dungeon (2/15)

Altars:
Ashenzari
Cheibriados
Kikubaaqudgha
Yredelemnul


Innate Abilities, Weirdness & Mutations

You are too large for most types of armour.
You have claws for hands.
Your metabolism is lightning-fast.
You like to eat raw meat.
Your natural rate of healing is unusually fast.
You are covered in fur. (AC +1)
You have very tough skin. (AC +2)


Message History

Welcome back, dududu the Troll Fighter.
Yredelemnul says: Carry the black torch!
Rouse the idle dead!
Press ? for a list of commands and other information.
(D) Dungeon
Where to? (? - help)
What level of the Dungeon? (default 1, ? - help) HP restored.
There is an open door here.
There is an open door here.
You see here a runed mace.
You see here an enchanted dagger.
There is a stone staircase leading up here.
You climb upwards.
There is a stone staircase leading down here.
You open the door.
There is an open door here.
There is an open door here.
There is a staircase leading out of the dungeon here.
Are you sure you want to leave the Dungeon?
This will make you lose the game!
You have escaped!

...########
##.#......#
##.#.####.#
#.........########
.......#..#.#....#
.....#.#..#.+....#
...#......#.#....#
..####.#.##.#....#
..# #......'...@#
#.####.#.##.#...^#
>......#.##.#....#
...###.#.##.+....#
....##.#....#....#
.....#.###########
.......###...#.#
...............#
......####...#.#


There were no monsters in sight!

Vanquished Creatures
  A dart slug (D:1)
  2 leopard geckos (D:1)
  2 hobgoblins
  A ball python (D:1)
  3 bats (D:1)
  3 goblins
  3 rats (D:1)
15 creatures vanquished.

Notes
Turn   | Place    | Note
-------+----------+-------------------------------------------
     0 | D:1      | dududu the Troll Fighter began the quest for the Orb.
     0 | D:1      | Reached XP level 1. HP: 22/22 MP: 0/0
   378 | D:1      | Reached XP level 2. HP: 28/29 MP: 1/1
   857 | D:2      | Found a faded altar of an unknown god.
   857 | D:2      | Found a faded altar of an unknown god.
   864 | D:2      | Found a shattered altar of Ashenzari.
   866 | D:2      | Found a snail-covered altar of Cheibriados.
   867 | D:2      | Found an ancient bone altar of Kikubaaqudgha.
   878 | D:2      | Became a worshipper of Yredelemnul the Dark
   878 | D:2      | Reached * piety under Yredelemnul
  1139 | D:$      | Got out of the dungeon alive.

Vault maps used:
D:1:      lemuel_arrival_behind_the_door_small, minmay_tromino_i2
D:2:      chequers_temple_overflow_minitemple, first_ration

Action                   || total
-------------------------++-------
Melee: Unarmed           ||    35
  Eat: Chunk             ||     8
Armor: Robe              ||    12
Dodge: Dodged            ||    10
Block: Shield            ||    12

Table legend:
 A = Spawn XP
 B = Non-spawn XP
 C = Spawn XP percentage of total XP
 D = Spawn monster count
 E = Non-spawn monster count
 F = Spawn count percentage of total count
 G = Total turns spent on level
                    A         B        C        D         E        F      G
               +---------+---------+-------+---------+---------+-------+---------
         Total |       0 |      27 |   0.0 |       0 |      15 |   0.0 |  1139
               +---------+---------+-------+---------+---------+-------+---------
           D:1 |       0 |      21 |   0.0 |       0 |      12 |   0.0 |   895
           D:2 |       0 |       6 |   0.0 |       0 |       3 |   0.0 |   244
               +---------+---------+-------+---------+---------+-------+---------
